 Dungeon Crawl Stone Soup version 0.22-a0 (webtiles) character file.

64 Frisk the Skirmisher (level 3, -2/34 HPs)
             Began as a Minotaur Fighter on Dec 31, 2017.
             Killed by nerve-wracking pain
             ... invoked by a shadow imp
              (11 damage)
             ... on level 3 of the Dungeon.
             The game lasted 00:02:33 (1448 turns).

Frisk the Skirmisher (Minotaur Fighter)             Turns: 1448, Time: 00:02:33

Health: -2/34      AC: 10    Str: 21    XL:     3   Next: 91%
Magic:  2/2        EV:  7    Int:  5    God:
Gold:   61         SH:  9    Dex:  9    Spells: 2/2 levels left

rFire    . . .     SeeInvis .   a - +0 war axe
rCold    . . .     Gourm    .   c - +0 shield
rNeg     . . .     Faith    .   b - +0 scale mail
rPois    .         Spirit   .   (helmet restricted)
rElec    .         Reflect  .   (no cloak)
rCorr    .         Harm     .   (no gloves)
MR       .....                  r - +2 pair of boots
Stlth    ..........             s - amulet of rage
HPRegen  0.11/turn              (no ring)
MPRegen  0.08/turn              (no ring)

@: no status effects
A: retaliatory headbutt, horns 2
a: Evoke Berserk Rage


You were on level 3 of the Dungeon.
You were not hungry.

You visited 1 branch of the dungeon, and saw 3 of its levels.

You collected 61 gold pieces.

Inventory:

Hand Weapons
 a - a +0 war axe (weapon)
Armour
 b - a +0 scale mail (worn)
 c - a +0 shield (worn)
 r - a +2 pair of boots (worn)
Jewellery
 s - an amulet of rage (around neck)
 t - an uncursed ring of poison resistance {unknown}
 w - an uncursed amulet of regeneration {unknown}
Wands
 x - a wand of flame (14)
Scrolls
 e - 3 scrolls of identify {unknown}
 h - 2 scrolls of remove curse {unknown}
 j - 2 scrolls of amnesia {unknown}
 k - a scroll of enchant armour {unknown}
 n - a scroll of immolation {unknown}
 o - 2 scrolls of teleportation {unknown}
 p - a scroll of blinking {unknown}
 u - a scroll of enchant weapon {unknown}
Potions
 d - a potion of might
 g - 2 potions of agility {unknown}
 i - a potion of brilliance {unknown}
 l - a potion of degeneration {unknown}
 m - 4 potions of ambrosia {unknown}
 q - a potion of cancellation {unknown}
 v - a potion of mutation {unknown}
Comestibles
 f - 4 rations


   Skills:
 * Level 4.6 Fighting
 + Level 3.1 Axes
 + Level 4.1 Armour
 + Level 4.2 Shields


You had 2 spell levels left.
You didn't know any spells.

Dungeon Overview and Level Annotations

Branches:
Dungeon (3/15)

Altars:

Annotations:
D:3 1 transporter


Innate Abilities, Weirdness & Mutations

You reflexively headbutt those who attack you in melee.
You have a pair of horns on your head.


Message History

Found a helmet.
Found a transporter.
The shadow imp shouts!
An orc comes into view. It is wielding a flail.
The shadow imp shouts, "Flee, thou baffled hedge-born whip-jack!"
There is a transporter here.
You enter the transporter and appear at another place.
The shadow imp shouts, "Go and return not, thou frothy ruttish cattle!"
x - a wand of flame (14)
You open the door.
The orc priest mumbles some strange prayers to Beogh against you.
Beogh smites you! The shadow imp gestures at you.
Pain shoots through your body!
* * * LOW HITPOINT WARNING * * *
There is an open door here.
The orc priest looks encouraged for a moment.
The shadow imp gestures at you. Pain shoots through your body!
You die...

#.#8P$©$P8#.##
#.#≈..$..≈#.#
#.####+####(#
#.#.≈...≈.#.#
#.#.≈...≈.#.#
#.#.≈≈≈≈≈.#.#
#.#.≈≈⌠≈≈.#.#
#.#.≈≈≈≈≈o#.#
#.#5≈.@.≈5#.#
#.#o≈...≈5#.#
#.####'####.#
#.#P.....P#.#
#.#8P.©.P8#.#
#.#########.#.
#.....o.......
#####........#
##...#####


You could see 2 orc priests, 3 shadow imps and an orc.

Vanquished Creatures
  3 adders (D:2)
  An ooze (D:3)
  2 leopard geckos
  2 giant cockroaches
  3 goblins
  4 hobgoblins
  5 kobolds (D:1)
  4 bats
  4 frilled lizards
  4 rats
32 creatures vanquished.

Notes
Turn   | Place    | Note
-------+----------+-------------------------------------------
     0 | D:1      | Frisk the Minotaur Fighter began the quest for the Orb.
     0 | D:1      | Reached XP level 1. HP: 19/19 MP: 0/0
   251 | D:1      | Reached XP level 2. HP: 27/27 MP: 1/1
   887 | D:2      | Reached XP level 3. HP: 28/33 MP: 2/2
  1302 | D:3      | Found a transporter.
  1429 | D:3      | Found a transporter.
  1448 | D:3      | Killed from afar by a shadow imp

Vault maps used:
D:1:      minmay_arrival_split_and_join
D:2:      st_stairs_13
D:3:      gammafunk_wand_slinger

Skill      XL: |  1  2  3 |
---------------+----------+-----
Fighting       | 4 |  4.6
Armour         | 4 |  4.1
Shields        | 4 |  4.2
Axes           | 3 |  3.1

Action                   || total
-------------------------++-------
Melee: War axe           ||    84
       Headbutt          ||     7
  Eat: Chunk             ||     2
Armor: Scale mail        ||    54
Dodge: Dodged            ||    27
Block: Shield            ||    30

Table legend:
 A = Spawn XP
 B = Non-spawn XP
 C = Spawn XP percentage of total XP
 D = Spawn monster count
 E = Non-spawn monster count
 F = Spawn count percentage of total count
 G = Total turns spent on level
                    A         B        C        D         E        F      G
               +---------+---------+-------+---------+---------+-------+---------
         Total |       0 |      92 |   0.0 |       0 |      32 |   0.0 |  1448
               +---------+---------+-------+---------+---------+-------+---------
           D:1 |       0 |      28 |   0.0 |       0 |      18 |   0.0 |   772
           D:2 |       0 |      54 |   0.0 |       0 |      11 |   0.0 |   528
           D:3 |       0 |      10 |   0.0 |       0 |       3 |   0.0 |   148
               +---------+---------+-------+---------+---------+-------+---------
